 Dungeon Crawl Stone Soup version 0.30-a0-359-gd0147acb1a (webtiles) character file.

Game seed: 17391086968010706065

356 MackTheKnife the Chiller (level 6, -6/41 HPs)
             Began as a Demonspawn Ice Elementalist on Nov 12, 2022.
             Was an Initiate of Vehumet.
             Shot with an arrow by a centaur (8 damage)
             ... on level 4 of the Dungeon.
             The game lasted 00:06:04 (3044 turns).

MackTheKnife the Chiller (DsIE)                     Turns: 3044, Time: 00:06:04

Health: -6/41      AC:  4    Str:  9    XL:     6   Next: 36%
Magic:  9/12       EV: 11    Int: 18    God:    Vehumet [......]
Gold:   144        SH:  0    Dex: 13    Spells: 8/13 levels left

rFire   . . .      SeeInvis +    o - +3 scythe (vorpal)
rCold   . . .      Faith    .    (shield currently unavailable)
rNeg    . . .      Spirit   .    l - +0 leather armour
rPois   .          Reflect  .    (helmet restricted)
rElec   .          Harm     .    (no cloak)
rCorr   .          Rampage  .    q - +0 pair of gloves
Will    .....                    (no boots)
Stlth   ++........               i - amulet of the acrobat
HPRegen 0.26/turn                f - ring of see invisible {sInv, !d}
MPRegen 0.13/turn                (no ring)

@: no status effects
A: horns 1, foul stench 1, talons 1, wild magic 1
a: Renounce Religion


You were on level 4 of the Dungeon.
You worshipped Vehumet.
Vehumet was noncommittal.
You visited 1 branch of the dungeon, and saw 4 of its levels.

You collected 144 gold pieces.

Inventory:

Hand Weapons
 o - a +3 vorpal scythe (weapon)
   (You took it off Sigmund on level 2 of the Dungeon)
Armour
 e - a +0 animal skin
   (You took it off Robin on level 4 of the Dungeon)
 l - a +0 leather armour (worn)
   (You found it on level 1 of the Dungeon)
 m - a +0 leather armour
   (You found it on level 4 of the Dungeon)
 q - a +0 pair of gloves (worn)
   (You found it on level 2 of the Dungeon)
Jewellery
 f - a ring of see invisible (left hand) {sInv, !d}
   (You found it on level 1 of the Dungeon)
 i - an amulet of the acrobat (around neck)
   (You found it on level 1 of the Dungeon)
Scrolls
 c - a scroll of vulnerability {unknown}
 d - a scroll of enchant weapon
 n - a scroll of fear {unknown}
 p - 2 scrolls of fog {unknown}
 u - a scroll of immolation {unknown}
 v - a scroll of poison {unknown}
 w - a scroll of teleportation {unknown}
Potions
 a - a potion of invisibility {unknown}
 b - a potion of magic
 g - 3 potions of flight
 h - a potion of degeneration {unknown}
 j - 2 potions of lignification {!q}
 k - 2 potions of curing
 r - a potion of brilliance {unknown}


   Skills:
 - Level 2.1 Dodging
 - Level 2.1 Stealth
 + Level 4.0 Spellcasting
 + Level 2.6 Summonings
 + Level 5.1 Ice Magic


You had 8 spell levels left.
You knew the following spells:

 Your Spells              Type           Power      Damage    Failure   Level
a - Summon Ice Beast      Ice/Summ       22%        N/A       47%         4
z - Freeze                Ice            100%       1d10      4%          1

Your spell library contained the following spells:

 Spells                   Type           Power      Damage    Failure   Level
 Frozen Ramparts          Ice            56%        1d9       12%         3
 Ozocubu's Armour         Ice            28%        N/A       12%         3
 Call Canine Familiar     Summ           17%        N/A       28%         3
 Portal Projectile        Hex/Tloc       8%         N/A       61%         3
 Leda's Liquefaction      Hex/Erth       2%         N/A       94%         4
 Metabolic Englaciation   Hex/Ice        8%         N/A       94%         5
 Summon Forest            Summ/Tloc      5%         N/A       98%         5


Dungeon Overview and Level Annotations

Branches:
Dungeon (4/15)
 Temple: D:4-7

Altars:
Gozag
Trog
Uskayaw
Vehumet
Wu Jian

Annotations:
D:3 Natasha


Innate Abilities, Weirdness & Mutations

You have a pair of small horns on your head.
You may rarely emit foul miasma when damaged in melee.
You have sharp toenails.
Your spells are a little harder to cast, but a little more powerful.


Message History

You kill the endoplasm!
Vehumet accepts your kill.
No target in view!
No target in view!
No target in view!
No target in view!
No target in view!
No target in view!
No target in view!
No target in view!
An adder comes into view.
The adder moves out of view. 2 centaurs come into view.
There are monsters nearby!
Item here: a manual of Summonings.
The floor.
Unknown command.
The spell is extremely dangerous to miscast (47% risk of failure)!
Continue anyway?
A chill wind blows around you.
The centaur shouts! x2
The centaur wields a +0 shortbow.
The centaur shoots an arrow.
The arrow barely misses you.
You hear an angry hiss.
You now have 8/12 mp.
The adder hisses angrily.
The centaur shoots an arrow.
The arrow misses you. The adder bites you but does no damage.
Your ice beast barely misses the adder.
You closely miss the adder. Your headbutt misses the adder.
The adder bites you but does no damage.
Your ice beast hits the adder.
Your ice beast freezes the adder!
The adder dies!
Vehumet accepts your kill.
The centaur wields a +0 shortbow.
The centaur shoots an arrow.
The arrow hits you.
You take 3 damage, and have 38/41 hp.
What are your orders? t - Shout!
Orders for allies: a - Attack new target. r - Retreat! s - Stop attacking. g - Guard the area. f - Follow me.
Anything else - Cancel.
Gang up on whom?
Aim: a centaur, wielding a +0 shortbow (ally target) Attack!
The centaur shoots an arrow.
The arrow barely misses your ice beast. The arrow hits you!
You take 8 damage, and have 30/41 hp.
You swap places.
The centaur unwields a +0 shortbow.
The centaur closely misses you. The centaur misses you.
The centaur unwields a +0 shortbow.
The centaur completely misses you. The centaur misses you.
You see here an adder corpse.
You swap places.
The centaur wields a +0 shortbow.
The centaur shoots an arrow.
The arrow completely misses your ice beast.
The arrow barely misses you.
Your ice beast hits the centaur but does no damage.
The centaur closely misses your ice beast.
The centaur kicks your ice beast.
The centaur unwields a +0 shortbow.
The centaur hits your ice beast but does no damage.
The centaur kicks your ice beast but does no damage.
Reach: o) +3 scythe (vorpal)
Aim: a centaur (not watching you, ally target, about 35% to evade your +3 vorpal scythe)
You could not reach far enough!
The centaur wields a +0 shortbow.
The centaur shoots an arrow.
The arrow hits your ice beast!
The centaur wields a +0 shortbow.
The centaur shoots an arrow.
The arrow closely misses your ice beast.
The arrow hits you.
Your ice beast hits the centaur.
Your ice beast freezes the centaur!
The centaur shoots an arrow.
The arrow hits your ice beast!
Your ice beast dies!
Your ice beast disappears in a puff of smoke!
You take 4 damage, and have 27/41 hp.
Reach: o) +3 scythe (vorpal)
Aim: a centaur, wielding a +0 shortbow (severely wounded, unaware, hasn't noticed you, about 35% to evade your +3 vorpal scythe)
You reach to attack!
You barely miss the centaur.
The centaur shouts!
The centaur shoots an arrow.
The arrow hits you!
The centaur shoots an arrow.
The arrow misses you.
You take 6 damage, and have 21/41 hp.
Reach: o) +3 scythe (vorpal)
Aim: a centaur, wielding a +0 shortbow (severely wounded, about 35% to evade your +3 vorpal scythe)
You reach to attack!
You barely miss the centaur.
The centaur unwields a +0 shortbow.
The centaur barely misses you. The centaur kicks you.
The centaur shoots an arrow.
The arrow barely misses you. The centaur hits you.
The centaur kicks you but does no damage.
The centaur shoots an arrow.
The arrow hits you.
You take 6 damage, and have 15/41 hp.
Reach: o) +3 scythe (vorpal)
Aim: a centaur, wielding a +0 shortbow (severely wounded, about 35% to evade your +3 vorpal scythe)
You reach to attack!
You closely miss the centaur. The centaur hits you.
* * * LOW HITPOINT WARNING * * *
The centaur kicks you.
* * * LOW HITPOINT WARNING * * *
The centaur shoots an arrow.
The arrow hits you!
* * * LOW HITPOINT WARNING * * *
The centaur hits you.
* * * LOW HITPOINT WARNING * * *
The centaur kicks you but does no damage.
The centaur shoots an arrow.
The arrow hits you!
You die...

#.# #.# #.#
#.# # #.# .#
#.# ###.#
###.###...#
#...##..#.#
#.#..c@...#
#...##†##..#
#..##.c.# .#
#..#.$.#.# #
#....#:#...
...#.#). #.#
#.#.##... .#
#.#. #.# #
...


You could see 2 centaurs.

Vanquished Creatures
  Sigmund (D:2)
  Robin (D:4)
  5 gnolls
  5 adders
  A worm (D:2)
  2 dart slugs (D:2)
  3 ball pythons
  A bat (D:3)
  8 endoplasms
  14 goblins
  6 hobgoblins
  4 jackals (D:4)
  4 quokkas
  A frilled lizard (D:2)
  3 kobolds
  7 rats
66 creatures vanquished.

Vanquished Creatures (collateral kills)
  An adder (D:4)
  2 gnolls (D:3)
3 creatures vanquished.

Grand Total: 69 creatures vanquished

Notes
Turn   | Place    | Note
-------+----------+-------------------------------------------
     0 | D:1      | MackTheKnife the Demonspawn Ice Elementalist began the
                  | quest for the Orb.
     0 | D:1      | Reached XP level 1. HP: 13/13 MP: 3/3
   141 | D:1      | Reached skill level 2 in Stealth
   152 | D:1      | Reached skill level 2 in Dodging
   285 | D:1      | Gained mutation: You have a pair of small horns on your
                  | head. [demonic ancestry]
   285 | D:1      | Reached XP level 2. HP: 16/19 MP: 3/5
   997 | D:2      | Identified the +12 rapier "Luuv" {holy, rPois rC+ Dex-5}
  1051 | D:2      | Gained mutation: You may rarely emit foul miasma when
                  | damaged in melee. [demonic ancestry]
  1051 | D:2      | Reached XP level 3. HP: 22/24 MP: 0/6
  1217 | D:2      | Reached skill level 4 in Ice Magic
  1238 | D:2      | Reached skill level 3 in Spellcasting
  1238 | D:2      | Reached XP level 4. HP: 9/30 MP: 1/8
  1454 | D:2      | Learned a level 4 spell: Summon Ice Beast
  1650 | D:2      | Noticed Sigmund
  1655 | D:2      | Killed Sigmund
  1656 | D:2      | Reached skill level 2 in Summonings
  1656 | D:2      | Reached XP level 5. HP: 26/35 MP: 4/10
  2166 | D:3      | Noticed Natasha
  2179 | D:3      | Found a bloodstained altar of Trog.
  2180 | D:3      | Found an opulent altar of Gozag.
  2196 | D:3      | Reached XP level 6. HP: 27/41 MP: 7/11
  2297 | D:3      | Got the Exposition on the Dislocated Iceberg
  2406 | D:3      | Reached skill level 5 in Ice Magic
  2680 | D:3      | Found a hide-covered altar of Uskayaw.
  2784 | D:3      | Gained mutation: You have large cloven feet. [potion of
                  | mutation]
  2785 | D:3      | Lost mutation: You have large cloven feet. [potion of
                  | mutation]
  2785 | D:3      | Gained mutation: You are clumsy. (Dex -2) [potion of
                  | mutation]
  2785 | D:3      | Gained mutation: Your natural rate of healing is unusually
                  | fast. [potion of mutation]
  2786 | D:3      | Lost mutation: You are clumsy. (Dex -2) [potion of
                  | mutation]
  2786 | D:3      | Lost mutation: Your natural rate of healing is unusually
                  | fast. [potion of mutation]
  2786 | D:3      | Gained mutation: You are vulnerable to cold. (rC-) [potion
                  | of mutation]
  2786 | D:3      | Gained mutation: Your movements are slightly less
                  | encumbered by armour. (ER -2) [potion of mutation]
  2786 | D:3      | Lost mutation: You are vulnerable to cold. (rC-) [potion of
                  | mutation]
  2787 | D:3      | Lost mutation: Your movements are slightly less encumbered
                  | by armour. (ER -2) [potion of mutation]
  2787 | D:3      | Gained mutation: You have sharp toenails. [potion of
                  | mutation]
  2787 | D:3      | Gained mutation: Your spells are a little harder to cast,
                  | but a little more powerful. [potion of mutation]
  2844 | D:4      | Found a radiant altar of Vehumet.
  2871 | D:4      | Noticed Robin
  2881 | D:4      | Killed Robin
  2882 | D:4      | Reached skill level 4 in Spellcasting
  2901 | D:4      | Became a worshipper of Vehumet
  2981 | D:4      | Found an ornate altar of the Wu Jian Council.
  3044 | D:4      | HP: 10/41 [centaur (2)]
  3044 | D:4      | HP: 3/41 [centaur/arrow (7)]
  3044 | D:4      | Shot with an arrow by a centaur

Illustrated notes

Levels and vault maps discovered:
D:1:      dpeg_arrival_morbid_curiosity, layout_loops_ring
D:2:      layout_loops_ring, roderic_lattice_a, uniq_sigmund
D:3:      layout_loops_ring, gammafunk_temple_overflow_pools,
          nicolae_uskayaw_murder_on_the_dancefloor, grunt_decor_junction,
          uniq_natasha
D:4:      layout_basic, amcnicky_altar_gilded, mainiacjoe_overflow_paths,
          minmay_temple_entry_gardened_gates, serial_corexii_hall,
          corexii_hall_statues_i, chequers_hall_statues_wall_a,
          minmay_manual_mares, uniq_robin

Skill      XL: |  1  2  3  4  5  6 |
---------------+-------------------+-----
Stealth        | 2 |  2.1
Dodging        | 2 |  2.1
Ice Magic      | 4 5 |  5.1
Spellcasting   | 3 4 |  4.0
Summonings     | 2 |  2.6

Action                   |  1- 3 |  4- 6 || total
-------------------------+-------+-------++-------
Melee: Mace              |    49 |       ||    49
       Unarmed           |     3 |       ||     3
       Headbutt          |     3 |     6 ||     9
       Short sword       |     9 |    15 ||    24
       Halberd           |       |    71 ||    71
       Kick              |       |     3 ||     3
 Cast: Freeze            |    15 |     1 ||    16
       Summon Ice Beast  |       |     3 ||     3
  Use: Scroll            |       |     5 ||     5
       Potion            |       |     4 ||     4
 Stab: Sleeping          |     4 |     5 ||     9
Armor: Robe              |     2 |       ||     2
       Leather armour    |    10 |    20 ||    30
Dodge: Dodged            |    41 |    56 ||    97

Table legend: (Time is in decaauts)
 A = Elapsed time spent in this place.
 B = Non-inter-level travel time spent in this place.
 C = Inter-level travel time spent in this place.
 D = Time resting spent in this place.
 E = Time spent auto-exploring this place.
 F = Levels seen in this place.
 G = Mean time per level.
                   A        B        C        D        E       F      G
               +--------+--------+--------+--------+--------+-----+--------+
         Total |   3097 |   3005 |     92 |    254 |   2183 |   4 |  774.2 |
       Dungeon |   3097 |   3005 |     92 |    254 |   2183 |   4 |  774.2 |
               +--------+--------+--------+--------+--------+-----+--------+

Top non-repeatable levels by time:
     D:2: 1172 daAuts
     D:1: 927 daAuts
     D:3: 740 daAuts
     D:4: 257 daAuts

Table legend:
 A = Kills in this place as a percentage of kills in entire the game.
 B = Kills by you in this place as a percentage of kills by you in the entire game.
 C = Kills by friends in this place as a percentage of kills by friends in the entire game.
 D = Other kills in this place as a percentage of other kills in the entire game.
 E = Experience gained in this place as a percentage of experience gained in the entire game.
 F = Experience gained in this place divided by the number of levels of this place that you have seen.
                   A       B       C       D       E      F
               +-------+-------+-------+-------+-------+----------------------
         Total | 100.0 | 100.0 | 100.0 |   N/A | 100.0 | 127.2
       Dungeon | 100.0 | 100.0 | 100.0 |   N/A | 100.0 | 127.2
               +-------+-------+-------+-------+-------+----------------------
